 Dungeon Crawl Stone Soup version 0.23.2-33-g5129a83184 (webtiles) character file.

Game seed: 4417399822192404580

456 Craats the Caller (level 7, -4/52 HPs)
             Began as a Gnoll Wanderer on Aug 2, 2019.
             Was a Follower of Elyvilon.
             Slain by a sky beast (6 damage)
             ... on level 5 of the Dungeon.
             The game lasted 00:32:19 (3756 turns).

Craats the Caller (Gnoll Wanderer)                  Turns: 3756, Time: 00:32:19

Health: -4/52      AC:  5    Str: 12    XL:     7   Next: 6%
Magic:  12/15      EV: 11    Int: 15    God:    Elyvilon [*.....]
Gold:   235        SH:  0    Dex: 18    Spells: 15/16 levels left

rFire    . . .     SeeInvis .   a - +2 hand crossbow {Tell}
rCold    . . .     Gourm    .   (no shield)
rNeg     . . .     Faith    .   r - +0 ring mail
rPois    .         Spirit   .   (no helmet)
rElec    .         Reflect  .   (no cloak)
rCorr    .         Harm     .   (no gloves)
MR       .....                  (no boots)
Stlth    ++........             (no amulet)
HPRegen  0.17/turn              (no ring)
MPRegen  0.14/turn              (no ring)

@: protection
A: distributed training, fangs 1, strong nose
a: Lesser Healing, Divine Protection, Renounce Religion


You were on level 5 of the Dungeon.
You worshipped Elyvilon.
Elyvilon was aware of your devotion.
You were not hungry.

You visited 1 branch of the dungeon, and saw 5 of its levels.

You collected 235 gold pieces.

Inventory:

Hand Weapons
 a - a +2 hand crossbow (weapon) {Tell}
 k - a +0 dagger
 p - a +0 hand axe
Armour
 j - a +0 leather armour
 r - a +0 ring mail (worn)
Wands
 t - a wand of flame (16)
Scrolls
 c - a scroll of noise {unknown}
 e - 2 scrolls of fear {unknown}
 h - 3 scrolls of remove curse
 i - 2 scrolls of teleportation {unknown}
 l - 2 scrolls of immolation {unknown}
 m - 3 scrolls of enchant armour {unknown}
 s - a scroll of amnesia {unknown}
 w - a scroll of random uselessness {unknown}
Potions
 d - 2 potions of agility {unknown}
 g - 3 potions of curing {unknown}
 n - a potion of lignification {unknown}
 o - a potion of might {unknown}
 q - 3 potions of haste {unknown}
 u - a potion of berserk rage {unknown}
 v - a potion of degeneration {unknown}
 x - a potion of magic {unknown}
Comestibles
 f - 3 rations


   Skills:
 + Level 3.4 Fighting
 + Level 2.2 Short Blades
 + Level 2.2 Long Blades
 + Level 2.2 Axes
 + Level 2.2 Maces & Flails
 + Level 2.2 Polearms
 + Level 2.2 Staves
 + Level 2.2 Slings
 + Level 2.2 Bows
 + Level 3.4 Crossbows
 + Level 3.4 Throwing
 + Level 3.4 Armour
 + Level 2.2 Dodging
 + Level 2.2 Stealth
 + Level 3.4 Shields
 + Level 2.2 Unarmed Combat
 + Level 5.4 Spellcasting
 + Level 1.7 Conjurations
 + Level 1.7 Hexes
 + Level 1.7 Charms
 + Level 5.7 Summonings
 + Level 1.7 Necromancy
 + Level 1.7 Translocations
 + Level 1.7 Transmutations
 + Level 1.7 Fire Magic
 + Level 1.7 Ice Magic
 + Level 1.7 Air Magic
 + Level 1.7 Earth Magic
 + Level 1.7 Poison Magic
 + Level 2.4 Invocations
 + Level 2.2 Evocations


You had 15 spell levels left.
You knew the following spells:

 Your Spells              Type           Power        Failure   Level  Hunger
a - Summon Butterflies    Summ           ###.....     3%          1    None

Your spell library contained the following spells:

 Spells                   Type           Power        Failure   Level  Hunger
 Call Canine Familiar     Summ           ###.....     10%         3    ###....
 Sandblast                Erth           #.....       16%         1    None
 Stone Arrow              Conj/Erth      #.....       43%         3    ###....


Dungeon Overview and Level Annotations

Branches:
Dungeon (5/15)
 Temple: D:4-7

Altars:
Elyvilon
Qazlal
Zin


Innate Abilities, Weirdness & Mutations

Your experience applies equally to all skills.
You have very sharp teeth.
Your uncanny sense of smell can sniff out nearby items.


Message History

* * * LOW HITPOINT WARNING * * *
Something shocks you.
* * * LOW HITPOINT WARNING * * *
You see here 4 bolts.
Okay, then.
Okay, then.
You are healed.
You feel somewhat more hungry. Something hits you.
* * * LOW HITPOINT WARNING * * *
Something shocks you.
* * * LOW HITPOINT WARNING * * *
You are healed.
You feel somewhat more hungry. Something barely misses you.
You are healed.
You feel somewhat more hungry. Something hits you.
* * * LOW HITPOINT WARNING * * *
Something shocks you.
* * * LOW HITPOINT WARNING * * *
You beseech Elyvilon to protect your life.
Something hits you.
* * * LOW HITPOINT WARNING * * *
Something shocks you.
You die...

###.#.#.#######
##..........#
##.#.#####.#
#.#.# #. #...#
.. ###.# .#
#.#####(.#
#...{.(.(#
####@#.#... #.#
#(# #.# #.# #.#
#.# ...


There were no monsters in sight!

Vanquished Creatures
  An ogre (D:4)
  An orc wizard (D:4)
  2 iguanas
  Terence (D:3)
  3 worker ants (D:4)
  A hound zombie (D:5)
  A hound skeleton (D:4)
  4 adders
  An ooze (D:2)
  4 worms
  3 dart slugs
  3 leopard geckos
  16 orcs
  A ball python (D:1)
  4 giant cockroaches
  7 goblins
  11 hobgoblins
  8 jackals
  A quokka (D:3)
  4 bats
  4 frilled lizards
  6 kobolds
  A leopard gecko skeleton (D:4)
  12 rats
100 creatures vanquished.

Notes
Turn   | Place    | Note
-------+----------+-------------------------------------------
     0 | D:1      | Craats the Gnoll Wanderer began the quest for the Orb.
     0 | D:1      | Craats set off with the following items: a +2 hand
                  | crossbow, 22 bolts, a +0 robe, a ration; and the following
                  | spells available to memorise: Summon Butterflies, Call
                  | Canine Familiar, Sandblast, Stone Arrow
     0 | D:1      | Reached XP level 1. HP: 17/17 MP: 6/6
     2 | D:1      | Learned a level 1 spell: Summon Butterflies
   121 | D:1      | Reached XP level 2. HP: 23/23 MP: 7/7
   501 | D:1      | Reached XP level 3. HP: 28/28 MP: 9/9
   505 | D:1      | Reached skill level 5 in Spellcasting
   991 | D:2      | Reached skill level 1 in Invocations
  1286 | D:2      | Reached skill level 1 in Short Blades
  1286 | D:2      | Reached skill level 1 in Long Blades
  1286 | D:2      | Reached skill level 1 in Axes
  1286 | D:2      | Reached skill level 1 in Maces & Flails
  1286 | D:2      | Reached skill level 1 in Polearms
  1286 | D:2      | Reached skill level 1 in Staves
  1286 | D:2      | Reached skill level 1 in Slings
  1286 | D:2      | Reached skill level 1 in Bows
  1286 | D:2      | Reached skill level 1 in Dodging
  1286 | D:2      | Reached skill level 1 in Stealth
  1286 | D:2      | Reached skill level 1 in Unarmed Combat
  1286 | D:2      | Reached skill level 1 in Evocations
  1327 | D:2      | Reached XP level 4. HP: 34/34 MP: 11/11
  1671 | D:3      | Reached skill level 1 in Conjurations
  1671 | D:3      | Reached skill level 1 in Hexes
  1671 | D:3      | Reached skill level 1 in Charms
  1671 | D:3      | Reached skill level 1 in Necromancy
  1671 | D:3      | Reached skill level 1 in Translocations
  1671 | D:3      | Reached skill level 1 in Transmutations
  1671 | D:3      | Reached skill level 1 in Fire Magic
  1671 | D:3      | Reached skill level 1 in Ice Magic
  1671 | D:3      | Reached skill level 1 in Air Magic
  1671 | D:3      | Reached skill level 1 in Earth Magic
  1671 | D:3      | Reached skill level 1 in Poison Magic
  1852 | D:3      | Found a glowing silver altar of Zin.
  1907 | D:3      | Reached XP level 5. HP: 33/40 MP: 12/12
  2074 | D:3      | Found a white marble altar of Elyvilon.
  2089 | D:3      | Became a worshipper of Elyvilon the Healer
  2325 | D:3      | Noticed Terence
  2334 | D:3      | Killed Terence
  2934 | D:4      | Reached XP level 6. HP: 28/47 MP: 13/13
  3128 | D:4      | Found a stormy altar of Qazlal.
  3128 | D:4      | Reached * piety under Elyvilon
  3722 | D:5      | Entered Level 5 of the Dungeon
  3745 | D:5      | Reached XP level 7. HP: 38/52 MP: 15/15
  3756 | D:5      | HP: 2/52 [something (1)]
  3756 | D:5      | Slain by a sky beast

Skill      XL: |  1  2  3  4  5  6 |
---------------+-------------------+-----
Spellcasting   | 5 |  5.4
Invocations    | 1 2 |  2.4
Short Blades   | 1 2 |  2.2
Long Blades    | 1 2 |  2.2
Axes           | 1 2 |  2.2
Maces & Flails | 1 2 |  2.2
Polearms       | 1 2 |  2.2
Staves         | 1 2 |  2.2
Slings         | 1 2 |  2.2
Bows           | 1 2 |  2.2
Dodging        | 1 2 |  2.2
Stealth        | 1 2 |  2.2
Unarmed Combat | 1 2 |  2.2
Evocations     | 1 2 |  2.2
Conjurations   | 1 |  1.7
Hexes          | 1 |  1.7
Charms         | 1 |  1.7
Necromancy     | 1 |  1.7
Translocations | 1 |  1.7
Transmutations | 1 |  1.7
Fire Magic     | 1 |  1.7
Ice Magic      | 1 |  1.7
Air Magic      | 1 |  1.7
Earth Magic    | 1 |  1.7
Poison Magic   | 1 |  1.7
Fighting       | 3 |  3.4
Crossbows      | 3 |  3.4
Throwing       | 3 |  3.4
Armour         | 3 |  3.4
Shields        | 3 |  3.4
Summonings     | |  5.7

Action                   |  1- 3 |  4- 6 |  7- 9 || total
-------------------------+-------+-------+-------++-------
Melee: Hand crossbow     |       |     1 |       ||     1
 Fire: Hand crossbow     |    94 |   190 |     6 ||   290
Invok: Lesser Healing    |       |       |     3 ||     3
       Divine Protection |       |       |     1 ||     1
  Use: Scroll            |       |     1 |       ||     1
  Eat: Ration            |     1 |     2 |       ||     3
Armor: Leather armour    |     3 |       |       ||     3
       Ring mail         |       |    45 |     5 ||    50
Dodge: Dodged            |    28 |    82 |     4 ||   114
